 Dungeon Crawl Stone Soup version 0.28.0 (webtiles) character file.

Game seed: 13541145694495332787

1078 vilexy the Destroyer (level 8, -3/41 HPs)
             Began as a Gargoyle Conjurer on Feb 17, 2022.
             Slain by an orc warrior (10 damage)
             ... on level 6 of the Dungeon.
             The game lasted 00:14:05 (6281 turns).

vilexy the Destroyer (Gargoyle Conjurer)            Turns: 6281, Time: 00:14:06

Health: -3/41      AC:  7    Str: 13    XL:     8   Next: 29%
Magic:  12/16      EV: 12    Int: 22    God:
Gold:   374        SH:  0    Dex: 14    Spells: 6/18 levels left

rFire   . . .      SeeInvis .   u - staff of poison
rCold   . . .      Faith    .   y - orb {*Rage}
rNeg    + . .      Spirit   .   A - +0 robe of Elyvilon's Wrath {Str+3 Archmagi}
rPois   ∞          Reflect  .   (no helmet)
rElec   +          Harm     .   v - scarf {+Inv}
rCorr   +          Rampage  .   (no gloves)
Will    .....      Archmagi +   (no boots)
Stlth   ++........ Rage     20% (no amulet)
HPRegen 0.13/turn               p - +6 ring of dexterity
MPRegen 0.15/turn               z - ring of resist corrosion

@: no status effects
A: sickness immunity, AC +5, negative energy resistance 1, electricity
resistance, torment resistance 1, petrification resistance
a: Evoke Invisibility


You were on level 6 of the Dungeon.
You visited 1 branch of the dungeon, and saw 6 of its levels.

You collected 374 gold pieces.

Inventory:

Hand Weapons
 d - a +2 whip of electrocution
 m - a +1 short sword of speed
Missiles
 t - 78 stones
Armour
 a - a +0 robe
 e - a +0 leather armour
 g - a +1 tower shield
 v - a scarf of invisibility (worn)
 y - an orb of wrath (worn)
 A - the +0 robe of Elyvilon's Wrath (worn) {Str+3 Archmagi}
   (You found it on level 5 of the Dungeon)

   Str:       It affects your strength (+3).
   Archmagi:  It increases the power of your magical spells.
Magical Staves
 u - a staff of poison (weapon)
Jewellery
 p - a +6 ring of dexterity (left hand)
 z - a ring of resist corrosion (right hand)
Wands
 o - a wand of mindburst (4)
Scrolls
 c - a scroll of noise {unknown}
 f - a scroll of enchant weapon {unknown}
 h - a scroll of enchant armour
 s - a scroll of amnesia {unknown}
 w - 2 scrolls of teleportation {unknown}
 x - a scroll of brand weapon {unknown}
 B - a scroll of silence {unknown}
Potions
 b - 2 potions of berserk rage
 i - 3 potions of curing
 j - 4 potions of flight {unknown}
 k - a potion of cancellation {unknown}
 l - a potion of invisibility {unknown}
 n - 2 potions of attraction {unknown}
 q - 2 potions of degeneration {unknown}
 r - a potion of mutation {unknown}
 C - a potion of brilliance {unknown}


   Skills:
 - Level 1.5 Dodging
 - Level 2.1 Stealth
 + Level 5.9 Spellcasting
 + Level 8.1 Conjurations
 * Level 3.0 Hexes


You had 6 spell levels left.
You knew the following spells:

 Your Spells              Type           Power      Damage    Failure   Level
a - Magic Dart            Conj           100%       1d8       1%          1
b - Searing Ray           Conj           100%       2d8       1%          2
c - Fulminant Prism       Conj/Hex       23%        3d13      9%          4
d - Iskenderun's Mystic   Conj/Tloc      36%        2d9       17%         4
e - Summon Small Mammal   Summ           36%        N/A       10%         1

Your spell library contained the following spells:

 Spells                   Type           Power      Damage    Failure   Level
 Dazzling Flash           Conj/Hex       92%        N/A       2%          3
 Conjure Flame            Conj/Fire      36%        6-21      5%          3
 Corpse Rot               Necr/Air       18%        N/A       14%         2
 Poisonous Vapours        Pois/Air       28%        N/A       14%         2
 Summon Guardian Golem    Hex/Summ       19%        N/A       14%         3
 Sticky Flame             Conj/Fire      36%        2d6       17%         4
 Call Canine Familiar     Summ           9%         N/A       28%         3
 Ignite Poison            Fire/Tmut/Pois 14%        N/A       28%         3


Dungeon Overview and Level Annotations

Branches:
Dungeon (6/15)
 Temple: D:4-7

Altars:
Kikubaaqudgha
Sif Muna

Annotations:
D:5 1 runed translucent door, Crazy Yiuf
D:6 Menkaure


Innate Abilities, Weirdness & Mutations

You are immune to sickness and miasma.
Your stone body is resilient. (AC +5)
You are immune to poison.
You resist negative energy. (rN+)
You are resistant to electric shocks. (rElec)
You are resistant to unholy torment.
You are immune to petrification.


Message History

Casting: Searing Ray (safe; 1% risk of failure)
Confirm with . or Enter, or press ? or * to list all spells.
Aiming: Searing Ray (safe; 1% risk of failure)
Press: ? - help, Shift-Dir - straight line, f - orc priest
Aim: an orc priest, wielding a +0 mace and wearing a +0 leather armour of fire resistance (83% to hit)
You feel a surge of power!
The searing ray hits the orc priest!
The orc priest is heavily wounded. (Press . to maintain the ray.)
The orc wizard gestures wildly while chanting.
The orc wizard flickers and vanishes!
Deactivating autopickup; reactivate with Ctrl-A.
The orc priest invokes the aid of Beogh against you.
Beogh smites you!
Unknown command.
The searing ray hits the orc priest!
You kill the orc priest!
An orc warrior comes into view. It is wielding a +0 glaive.
Your Hexes skill increases to level 3!
Unknown command.
The searing ray hits something.
The orc warrior misses you. Something hits you.
The searing ray hits something!
You finish channelling your searing ray.
The orc warrior hits you from afar with a +0 glaive!
* * * LOW HITPOINT WARNING * * *
You hear some strange, mumbled words.
Something tries to affect you, but you resist.
You feel better. The orc warrior completely misses you.
As you read the scroll labelled ZACVUD FUONO, it crumbles to dust.
It is a scroll of enchant armour.
Your +0 tower shield glows green for a moment.
An orc priest comes into view. It is wielding a +0 short sword.
Menkaure, Prince of Dust comes into view.
The orc priest mumbles some strange prayers to Beogh against you.
Beogh smites you!
* * * LOW HITPOINT WARNING * * *
The orc warrior completely misses you.
You feel better. Something hits you.
* * * LOW HITPOINT WARNING * * *
The orc warrior hits you from afar with a +0 glaive!
You die...

## # #. #.#.
##.#.########
#............
>..........
#M....#
#{@...#
#o##### #o ##


You could see an orc warrior, Menkaure and an orc priest.

Vanquished Creatures
  A water moccasin (D:5)
  A sky beast (D:5)
  2 necrophages
  A wyvern skeleton (D:5)
  A water moccasin skeleton (D:5)
  5 wights (D:5)
  A bullfrog skeleton (D:5)
  3 jellies
  A bullfrog zombie (D:5)
  2 orc priests
  Natasha (thrice) (D:4)
  A hound skeleton (D:5)
  3 adders
  An ufetubus (D:5)
  2 adder skeletons
  3 worms
  2 dart slugs
  4 orcs
  6 bats
  6 endoplasms
  2 giant cockroaches
  3 goblins
  4 hobgoblins
  3 kobolds (D:2)
  2 quokkas (D:1)
  5 ball pythons
  3 frilled lizards
  10 rats
81 creatures vanquished.

Vanquished Creatures (others)
  A plant (D:3)
  4 toadstools (D:3)
5 creatures vanquished.

Grand Total: 86 creatures vanquished

Notes
Turn   | Place    | Note
-------+----------+-------------------------------------------
     0 | D:1      | vilexy the Gargoyle Conjurer began the quest for the Orb.
     0 | D:1      | Reached XP level 1. HP: 10/10 MP: 3/3
   144 | D:1      | Reached XP level 2. HP: 13/15 MP: 0/5
   216 | D:1      | Learned a level 2 spell: Searing Ray
  1124 | D:2      | Reached XP level 3. HP: 16/19 MP: 0/6
  1263 | D:2      | Reached skill level 5 in Conjurations
  2135 | D:3      | Reached XP level 4. HP: 24/24 MP: 6/8
  2601 | D:3      | Found an ancient bone altar of Kikubaaqudgha.
  3229 | D:4      | Noticed Natasha
  3233 | D:4      | Killed Natasha
  3285 | D:4      | Reached XP level 5. HP: 28/28 MP: 5/10
  3526 | D:4      | Reached skill level 6 in Conjurations
  3766 | D:4      | Noticed Natasha
  3769 | D:4      | Killed Natasha
  3909 | D:4      | Noticed Natasha
  3912 | D:4      | Killed Natasha
  3942 | D:4      | Reached XP level 6. HP: 32/32 MP: 6/12
  4397 | D:5      | Entered Level 5 of the Dungeon
  4641 | D:5      | Learned a level 4 spell: Fulminant Prism
  4646 | D:5      | Learned a level 4 spell: Iskenderun's Mystic Blast
  4648 | D:5      | Learned a level 1 spell: Summon Small Mammal
  4695 | D:5      | Noticed a necrophage
  4700 | D:5      | Killed a necrophage
  4701 | D:5      | Reached skill level 7 in Conjurations
  4772 | D:5      | Noticed a water moccasin
  4780 | D:5      | Killed a water moccasin
  4781 | D:5      | Reached skill level 5 in Spellcasting
  4781 | D:5      | Reached XP level 7. HP: 23/36 MP: 4/14
  5294 | D:5      | Identified the +0 robe of Elyvilon's Wrath {Str+3 Archmagi}
  5374 | D:5      | Reached skill level 1 in Hexes
  5484 | D:5      | Reached XP level 8. HP: 16/41 MP: 8/16
  5818 | D:5      | Found a shimmering blue altar of Sif Muna.
  6006 | D:5      | Reached skill level 8 in Conjurations
  6099 | D:5      | Found a runed translucent door.
  6100 | D:5      | Noticed Crazy Yiuf
  6280 | D:6      | Noticed Menkaure
  6281 | D:6      | Slain by an orc warrior

Illustrated notes

Levels and vault maps discovered:
D:1:      onia_arrival_handbag, layout_basic
D:2:      layout_basic, grunt_decor_clamped
D:3:      layout_basic, mainiacjoe_overflow_alcove_1, serial_forest,
          infiniplex_forest_clump_small, infiniplex_forest_lined_room_3,
          infiniplex_forest_lined_room_, infiniplex_forest_straight_3,
          infiniplex_forest_clump_double, infiniplex_forest_fountain,
          infiniplex_forest_lined_2, minmay_gold_behind_fungi,
          serial_park_tiny_pond
D:4:      layout_loops_corners, uniq_natasha
D:5:      layout_basic, marbit_many_paths, uniq_crazy_yiuf_cottage
D:6:      layout_basic, uniq_menkaure, uniq_sigmund

Skill      XL: |  1  2  3  4  5  6  7  8 |
---------------+-------------------------+-----
Conjurations   | 5 6 7 8 |  8.1
Spellcasting   | 3 4 5 |  5.9
Hexes          | 2 3 |  3.0
Dodging        | |  1.5
Stealth        | |  2.1

Action                   |  1- 3 |  4- 6 |  7- 9 || total
-------------------------+-------+-------+-------++-------
Melee: Whip              |     4 |       |       ||     4
 Cast: Magic Dart        |    52 |    41 |    23 ||   116
       Searing Ray       |    12 |    14 |    12 ||    38
  Use: Scroll            |       |     2 |     1 ||     3
       Potion            |       |       |     2 ||     2
Armor: Robe              |     1 |     1 |     2 ||     4
Dodge: Dodged            |     4 |     5 |    10 ||    19
